 Dungeon Crawl Stone Soup version 0.31-a0-1091-g283494c966 (webtiles) character file.

Game seed: 8589980376962472936

156 Dirtsage the Changeling (level 5, -3/35 HPs)
             Began as an Octopode Shapeshifter on Nov 28, 2023.
             Slain by a goblin
             ... wielding a +0 club
              (4 damage)
             ... on level 3 of the Dungeon.
             The game lasted 00:06:16 (2502 turns).

Dirtsage the Changeling (Octopode Shapeshifter)     Turns: 2502, Time: 00:06:17

Health: -3/35      AC:  1    Str: 13 (16) XL:     5   Next: 38%
Magic:  5/5        EV: 13    Int:  9 (12) God:
Gold:   168        SH:  0    Dex: 10 (11) Spells: 4/4 levels left

rFire   + .          .
                       - Unarmed
rCold   . . .        (no shield)
rNeg    + . .        (helmet currently unavailable)
rPois   .            j - amulet of the acrobat
rElec   .            N - ring of positive energy
rCorr   .            F - ring of protection from fire
SInv    .            (no ring)
Will    .....        (no ring)
Stlth   ++           (no ring)
HPRegen 0.25/turn    (no ring)
MPRegen 0.09/turn    (no ring)
                     (no ring)

%: acrobat
@: beast-form
A: beast (slay +2), almost no armour, amphibious, 8 rings, camouflage 1,
gelatinous body 1, (nimble swimmer 1), tentacles
a: Begin Untransformation


You were on level 3 of the Dungeon.
You were a hulking beast.
You visited 1 branch of the dungeon, and saw 3 of its levels.

You collected 168 gold pieces.

Inventory:

Jewellery
 j - an amulet of the acrobat (around mantle)
 F - a ring of protection from fire (right tentacle)
 N - a ring of positive energy (left tentacle)
Talismans
 b - a beast talisman
 c - a flux talisman
Scrolls
 e - a scroll of blinking {unknown}
 f - a scroll of identify {unknown}
 h - a scroll of teleportation {unknown}
 i - a scroll of summoning {unknown}
 k - a scroll of acquirement {unknown}
Potions
 a - a potion of lignification
 d - a potion of might {unknown}
 g - a potion of invisibility {unknown}
 l - a potion of degeneration


   Skills:
 + Level 2.5 Fighting
 - Level 2.0 Dodging
 + Level 3.8 Unarmed Combat
 * Level 4.4 Shapeshifting


You had 4 spell levels left.
You didn't know any spells.
Your spell library contained the following spells:

 Spells                   Type           Power      Damage    Failure   Level
 Magic Dart               Conj           0%         1d3       38%         1
 Call Imp                 Summ           0%         N/A       52%         2
 Call Canine Familiar     Summ           0%         N/A       77%         3
 Mephitic Cloud           Conj/Pois/Air  0%         N/A       77%         3
 Sigil of Binding         Hex            0%         N/A       77%         3
 Dimensional Bullseye     Hex/Tloc       0%         N/A       99%         4
 Leda's Liquefaction      Hex/Erth       0%         N/A       99%         4


Dungeon Overview and Level Annotations

Branches:
Dungeon (3/15)

Altars:
Kikubaaqudgha

Annotations:
D:3 Ijyb


Innate Abilities, Weirdness & Mutations

You are a hulking beast.
Your limbs bulge with bestial killing power. (Slay +2)
You cannot wear most types of armour.
You are amphibious.
You can wear up to eight rings at the same time.
Your skin changes colour to match your surroundings (Stealth+).
Your rubbery body absorbs attacks. (AC +1, EV +1)
((You are camouflaged when in or above water. (Stealth+)))
You have tentacles for arms and can constrict up to eight enemies at once.


Message History

You enter the deep water.
You enter the deep water.
You enter the deep water.
You see here a +0 sling.
You see here a +0 sling.
There is an open door here.
There is an open door here.
You open the large door. 2 goblins come into view.
The goblin shouts!
Ijyb the Twisted Goblin comes into view.
She is wielding a +6 club and carrying a wand of mindburst.
An orc comes into view. It is wielding a +0 dagger.
A goblin is nearby!
You tentacle-slap the goblin.
You kill the goblin!
No target in view!
There is a large open door here.
Ijyb shouts!
The orc shouts!
You bludgeon the orc!
You kill the orc!
You closely miss Ijyb. Your grab misses Ijyb. Ijyb barely misses you.
You barely miss Ijyb. Your grab misses Ijyb. Your squeeze misses Ijyb.
Ijyb zaps a wand.
Your mind is blasted!
You take 16 damage, and have 19/35 hp.
MASSIVE DAMAGE!!
You are too injured to fight recklessly!
You closely miss Ijyb. Your grab misses Ijyb. The goblin closely misses you.
Ijyb zaps a wand.
Your mind is blasted!
* * * LOW HITPOINT WARNING * * *
You take 11 damage, and have 8/35 hp.
MASSIVE DAMAGE!!
It was a potion of degeneration.
There was something very wrong with that liquid.
You feel weakened.
You feel dopey.
You feel clumsy. The goblin barely misses you.
Ijyb zaps a wand.
Your mind is blasted!
* * * LOW HITPOINT WARNING * * *
You take 6 damage, and have 2/35 hp.
You barely miss Ijyb. You grab Ijyb. You squeeze Ijyb, but do no damage.
You constrict Ijyb, but do no damage. Ijyb hits you with a +6 club.
* * * LOW HITPOINT WARNING * * *
The goblin hits you with a +0 club.
You die...

#################
##≈≈..#...#......#
#≈≈≈.)'...'......#
##≈≈≈..#...#......#
#≈≈#########.)##''#
#≈≈#..........#.h.#
...'..........#)gg#
...'..........#...#
...'........).#...#
#≈≈#........).#...#
#≈≈#########..#...#
.>≈≈≈..#...#..#...#
#.≈≈≈..'...'..##'##
#.#≈≈.)#...#####


You could see Ijyb and a goblin.

Vanquished Creatures
  5 gnolls
  An adder (D:3)
  A worm (D:2)
  3 dart slugs
  3 orcs (D:3)
  7 bats
  9 endoplasms
  A giant cockroach (D:2)
  9 goblins
  6 hobgoblins
  11 jackals
  6 kobolds
  3 quokkas
  2 ball pythons
  5 frilled lizards
  7 rats
79 creatures vanquished.

Notes
Turn   | Place    | Note
-------+----------+-------------------------------------------
     0 | D:1      | Dirtsage the Octopode Shapeshifter began the quest for the
                  | Orb.
     0 | D:1      | Reached XP level 1. HP: 13/13 MP: 1/1
   107 | D:1      | Reached XP level 2. HP: 18/18 MP: 2/2
   427 | D:1      | Found a faded altar of an unknown god.
   483 | D:1      | Reached XP level 3. HP: 16/23 MP: 3/3
   917 | D:2      | Found an ancient bone altar of Kikubaaqudgha.
  1242 | D:2      | Reached XP level 4. HP: 29/29 MP: 4/4
  1244 | D:2      | Reached skill level 4 in Shapeshifting
  1896 | D:3      | Reached XP level 5. HP: 32/35 MP: 5/5
  2472 | D:3      | Noticed Ijyb
  2502 | D:3      | HP: 1/35 [Ijyb/+6 club (2)]
  2502 | D:3      | Slain by a goblin

Illustrated notes

Levels and vault maps discovered:
D:1:      ebering_hopf_link, layout_loops_ring,
          shapermc_ecumenical_altar_mp_vishouse,
          wander_ebering_terrifying_dragon_lair
D:2:      layout_basic, basic_altar
D:3:      kennysheep_goblin_castle, layout_basic

Skill      XL: |  1  2  3  4 |
---------------+-------------+-----
Fighting       | 2 |  2.5
Shapeshifting  | 4 |  4.4
Dodging        | |  2.0
Unarmed Combat | |  3.8

Action                     |  1- 3 |  4- 6 || total
---------------------------+-------+-------++-------
  Melee: Unarmed           |    54 |    69 ||   123
         Constrict         |    17 |    21 ||    38
         Tentacles         |    12 |    20 ||    32
         Punch             |     4 |     2 ||     6
    Use: Potion            |       |     1 ||     1
   Stab: Sleeping          |     7 |     4 ||    11
 Armour: Skin              |    20 |    20 ||    40
  Dodge: Dodged            |    18 |    47 ||    65

Table legend: (Time is in decaauts)
 A = Elapsed time spent in this place.
 B = Non-inter-level travel time spent in this place.
 C = Inter-level travel time spent in this place.
 D = Time resting spent in this place.
 E = Time spent auto-exploring this place.
 F = Levels seen in this place.
 G = Mean time per level.
                   A        B        C        D        E       F      G
               +--------+--------+--------+--------+--------+-----+--------+
         Total |   2491 |   2438 |     53 |      0 |   1979 |   3 |  830.3 |
       Dungeon |   2491 |   2438 |     53 |      0 |   1979 |   3 |  830.3 |
               +--------+--------+--------+--------+--------+-----+--------+

Top non-repeatable levels by time:
     D:2: 921 daAuts
     D:1: 847 daAuts
     D:3: 722 daAuts
